 Dungeon Crawl Stone Soup version 0.20-a0-338-g717130a (webtiles) character file.

480 AlphabetPasta the Gusty (level 7, -16/43 HPs)
             Began as a Halfling Air Elementalist on Dec 21, 2016.
             Demolished by an ogre
             ... wielding a cursed +0 giant club
              (28 damage)
             ... on level 4 of the Dungeon.
             The game lasted 00:24:05 (5015 turns).

AlphabetPasta the Gusty (Halfling Air Elementalist) Turns: 5015, Time: 00:24:06

Health: -16/43     AC:  4    Str:  9    XL:     7   Next: 34%
Magic:  6/11       EV: 19    Int: 15    God:
Gold:   22         SH:  0    Dex: 15    Spells: 3/11 levels left

rFire  + . .     SeeInvis .     e - +2 short sword (venom)
rCold  . . .     Gourm    .     a - +1 robe
rNeg   . . .     Faith    .     (shield restricted)
rPois  .         Spirit   .     (no helmet)
rElec  +         Reflect  .     u - +0 cloak "Daodeika" {rElec rF+} (curse)
rCorr  .         Harm     .     (no gloves)
MR     .....                    (no boots)
Stlth  ++........               (no amulet)
                                (no ring)
                                n - +3 ring of evasion

@: repel missiles
A: mutation resistance 1
a: no special abilities


You were on level 4 of the Dungeon.
You were not hungry.

You visited 1 branch of the dungeon, and saw 5 of its levels.

You collected 231 gold pieces.
You spent 209 gold pieces at shops.

Inventory:

Hand Weapons
 e - a +2 short sword of venom (weapon)
 l - a +0 hunting sling
Missiles
 p - 33 sling bullets
Armour
 a - a +1 robe (worn)
 u - the cursed +0 cloak "Daodeika" (worn) {rElec rF+}
   (You bought it in a shop on level 4 of the Dungeon)

   It protects you from fire.
   It insulates you from electricity.
   It has a curse placed upon it.
Jewellery
 i - an uncursed amulet of regeneration {unknown}
 n - a +3 ring of evasion (left hand)
Scrolls
 h - a scroll of blinking
 o - a scroll of remove curse
 q - 2 scrolls of teleportation
Potions
 j - 2 potions of heal wounds
 k - a potion of magic {unknown}
 m - a potion of haste {unknown}
 s - a potion of invisibility {unknown}
 t - a potion of might {unknown}
Books
 b - a book of Air

   Spells                             Type                      Level
   a - Shock                          Conjuration/Air              1
   b - Swiftness                      Charms/Air                   2
   c - Repel Missiles                 Charms/Air                   2
   d - Static Discharge               Conjuration/Air              3
   e - Lightning Bolt                 Conjuration/Air              5
Comestibles
 c - 2 bread rations
 d - a beef jerky
 f - a chunk of flesh
 g - a meat ration
 r - a fruit


   Skills:
 - Level 1.0 Fighting
 - Level 2.0 Short Blades
 + Level 3.0 Dodging
 - Level 2.1 Stealth
 + Level 2.9 Spellcasting
 + Level 2.7 Conjurations
 - Level 1.0 Charms
 * Level 5.1 Air Magic


You had 3 spell levels left.
You knew the following spells:

 Your Spells              Type           Power        Failure   Level  Hunger
a - Shock                 Conj/Air       ##..         4%          1    #......
b - Repel Missiles        Chrm/Air       ##....       12%         2    ##.....
c - Swiftness             Chrm/Air       ##......     12%         2    ##.....
d - Static Discharge      Conj/Air       ##......     14%         3    ###....


Dungeon Overview and Level Annotations

Branches:
Dungeon (5/15)
 Temple: D:4-7

Altars:
Dithmenos
Qazlal
Sif Muna
The Shining One

Shops:
D:4 [


Innate Abilities, Weirdness & Mutations

You are small and have problems with some larger weapons.
You are somewhat resistant to further mutation.


Message History

The ogre is severely wounded.
You hit the ogre.
The ogre is poisoned.
The ogre is severely wounded.
The ogre hits you with a giant club!
There is a stone staircase leading up here.
The ogre hits you with a giant club!
* * * LOW HITPOINT WARNING * * *
You climb upwards.
There is a stone staircase leading down here.
The ogre looks more healthy.
Casting: Shock
Confirm with . or Enter, or press ? or * to list all spells.
Aiming: Shock
Press: ? - help, Shift-Dir - straight line, f - ogre
Aim: an ogre, wielding a giant club (almost dead)
The zap hits the ogre.
The ogre is almost dead.
The ogre hits you with a giant club!!
Ouch! That really hurt!
You die...

##### ####...##
##...# #####
#####..#.#
#........#
**#..#.∩.# *#.....#
##..#.# #....#
#.@### ##O.# #..##
#...##
##....#########
##.............##
**#.......>.......#
#...####..........#
####* ###........#


You could see an ogre.

Vanquished Creatures
  An ogre (D:4)
  An orc wizard (D:3)
  3 worker ants (D:4)
  2 iguanas (D:4)
  A hound skeleton (D:4)
  6 adders
  7 gnolls (D:3)
  A worm (D:3)
  2 dart slugs (D:1)
  6 orcs
  8 bats
  5 giant cockroaches
  11 goblins
  11 hobgoblins
  9 jackals (D:3)
  11 kobolds
  A quokka (D:4)
  2 ball pythons
  7 frilled lizards
  9 rats
104 creatures vanquished.

Notes
Turn   | Place    | Note
-------+----------+-------------------------------------------
     0 | D:1      | AlphabetPasta the Halfling Air Elementalist began the quest for the Orb.
     0 | D:1      | Reached XP level 1. HP: 11/11 MP: 3/3
   234 | D:1      | Reached skill level 1 in Conjurations
   462 | D:1      | Reached XP level 2. HP: 17/17 MP: 4/4
   478 | D:1      | Learned a level 2 spell: Repel Missiles
   674 | D:1      | Reached skill level 1 in Short Blades
   899 | D:1      | Reached XP level 3. HP: 18/21 MP: 3/5
   957 | D:1      | Learned a level 2 spell: Swiftness
  1627 | D:2      | Found a shadowy altar of Dithmenos.
  1910 | D:2      | Reached XP level 4. HP: 17/27 MP: 7/7
  2303 | D:2      | Found a stormy altar of Qazlal.
  2410 | D:3      | Learned a level 2 spell: Swiftness
  2711 | D:3      | Reached XP level 5. HP: 31/31 MP: 0/8
  2719 | D:3      | Learned a level 3 spell: Static Discharge
  2864 | D:3      | Reached skill level 4 in Air Magic
  3226 | D:3      | Reached skill level 1 in Fighting
  3548 | D:3      | Reached XP level 6. HP: 34/38 MP: 2/9
  4055 | D:3      | Reached skill level 1 in Charms
  4242 | D:4      | Found a deep blue altar of Sif Muna.
  4297 | D:4      | Noticed an ogre
  4316 | D:4      | Killed an ogre
  4411 | D:4      | Reached XP level 7. HP: 41/43 MP: 5/11
  4556 | D:4      | Found a glowing golden altar of the Shining One.
  4832 | D:4      | Reached skill level 5 in Air Magic
  4965 | D:4      | Found Susivegi's Antique Armour Shoppe.
  4972 | D:4      | Bought a jewelled cloak for 209 gold pieces
  4977 | D:4      | Identified the cursed +0 cloak "Daodeika" {rElec rF+} (You bought it in a shop on level 4 of the Dungeon)
  4988 | D:5      | Entered Level 5 of the Dungeon
  5015 | D:4      | Demolished by an ogre

Vault maps used:
D:1:      dpeg_arrival_tiny_a, minmay_tromino_mix6
D:2:      lemuel_round_altar, nicolae_qazlal_eye_of_the_storm
D:4:      lemuel_round_altar, serial_shops, nicolae_shop_stone, tso_metal_star
D:5:      first_bread

Skill      XL: |  1  2  3  4  5  6  7 |
---------------+----------------------+-----
Conjurations   | 1 2 |  2.7
Short Blades   | 1 2 |  2.0
Spellcasting   | 2 |  2.9
Air Magic      | 4 5 |  5.1
Fighting       | 1 |  1.0
Charms         | 1 |  1.0
Dodging        | 3 |  3.0
Stealth        | |  2.1

Action                   |  1- 3 |  4- 6 |  7- 9 || total
-------------------------+-------+-------+-------++-------
Melee: Short sword       |    30 |    33 |    13 ||    76
 Cast: Shock             |    67 |   126 |    39 ||   232
       Repel Missiles    |     1 |     3 |     1 ||     5
       Static Discharge  |       |       |     1 ||     1
  Use: Scroll            |     6 |     4 |     2 ||    12
 Stab: Sleeping          |       |     3 |       ||     3
  Eat: Pizza             |     1 |       |       ||     1
       Chunk             |     3 |     6 |     2 ||    11
       Meat ration       |       |     1 |       ||     1
Armor: Robe              |    11 |     7 |     1 ||    19
Dodge: Dodged            |    44 |    29 |    14 ||    87
       Deflected         |     1 |     4 |     1 ||     6
